NYP
LOS ANGELES (NYP) ANGELS @ VERMONT LAKE MONSTERS
08/25/2047
 
TOP OF THE 1ST
Los Angeles (NYP) Angels batting - Pitching for Vermont Lake Monsters : RHP John Harrell
Pitching: RHP John Harrell
Batting: RHB T.J. Gray 0-0: Ball
1-0: Called Strike
1-1: Fly out, F5 (Line Drive, 56, EV 65.0 MPH)
Batting: RHB Juan Montez 0-0: SINGLE (Line Drive, 34D, EV 94.4 MPH)
Batting: LHB Matthew Bale 0-0: Called Strike
0-1: Fielders Choice at 2nd, 3-6 (Groundball, 3, EV 86.2 MPH)
Batting: LHB Mario Anguiano 0-0: Called Strike
0-1: Ball
1-1: Swinging Strike
1-2: Strikes out swinging
Top of the 1st over - 0 runs, 1 hit, 0 errors, 1 left on base; Los Angeles (NYP) 0 - Vermont 0
BOTTOM OF THE 1ST
Vermont Lake Monsters batting - Pitching for Los Angeles (NYP) Angels : RHP Tim Mumpower
Pitching: RHP Tim Mumpower
Batting: RHB Franklin Salazar 0-0: Ball
1-0: Foul Ball, location: 2F
1-1: Hit by Pitch
Batting: RHB Larry Clark 0-0: Ball
1-0: Foul Ball, location: 2F
1-1: Ball
Franklin Salazar steals 2nd base
2-1: SINGLE (Flyball, 6MD, EV 96.9 MPH)
Franklin Salazar to third
Batting: LHB Alejandro Muniz 0-0: 3-RUN HOME RUN (Flyball, 89XD, EV 100.0 MPH), Distance : 412 ft
Batting: RHB David Herrera 0-0: Ball
1-0: Ball
2-0: Ball
3-0: Called Strike
3-1: Called Strike
3-2: Foul Ball, location: 2F
3-2: Base on Balls
Batting: LHB Ed Talamantes 0-0: Swinging Strike
0-1: Ball
1-1: Foul Ball, location: 2F
1-2: Strikes out looking
Batting: RHB Walt Alaniz 0-0: Called Strike
0-1: Called Strike
0-2: Foul Ball, location: 2F
0-2: Ball
1-2: Fielders Choice at 2nd, 4-6 (Groundball, 34, EV 106.9 MPH)
Batting: RHB Min-chin Yi 0-0: Called Strike
0-1: Ball
1-1: Ball
2-1: Ground out 4-3 (Groundball, 34, EV 92.5 MPH)
Bottom of the 1st over - 3 runs, 2 hits, 0 errors, 1 left on base; Los Angeles (NYP) 0 - Vermont 3
TOP OF THE 2ND
Los Angeles (NYP) Angels batting - Pitching for Vermont Lake Monsters : RHP John Harrell
Batting: LHB Spencer Palmer 0-0: Called Strike
0-1: Ground out U3 (Groundball, 3, EV 101.2 MPH)
Batting: LHB Mutsuo IIda 0-0: Called Strike
0-1: Ball
1-1: Ball
2-1: Fly out, F8 (Flyball, 8RD, EV 83.1 MPH)
Batting: RHB Phil Knox 0-0: Foul Ball, location: 2F
0-1: Ball
1-1: Foul Ball, location: 2F
1-2: Ground out 6-3 (Groundball, 4MD, EV 102.5 MPH)
Top of the 2nd over - 0 runs, 0 hits, 0 errors, 0 left on base; Los Angeles (NYP) 0 - Vermont 3
BOTTOM OF THE 2ND
Vermont Lake Monsters batting - Pitching for Los Angeles (NYP) Angels : RHP Tim Mumpower
Batting: RHB Tim Anderson 0-0: Ball
1-0: Called Strike
1-1: Ball
2-1: Swinging Strike
2-2: Ball
3-2: Foul Ball, location: 2F
3-2: Base on Balls
Batting: RHB Ricky Trejo 0-0: Called Strike
0-1: Ball
1-1: Fly out, F5 (Line Drive, 5L, EV 65.6 MPH)
Batting: RHB Franklin Salazar 0-0: Ball
1-0: Called Strike
1-1: Foul Ball, location: 2F
1-2: SINGLE (Groundball, 56D, EV 111.2 MPH)
Tim Anderson to second
Batting: RHB Larry Clark 0-0: Foul Ball, location: 2F
0-1: Swinging Strike
0-2: Ball
1-2: Strikes out swinging
Batting: LHB Alejandro Muniz 0-0: DOUBLE (Line Drive, 7LS, EV 96.9 MPH)
Tim Anderson scores
Franklin Salazar to third
Runner from 3rd tries for Home, throw by LF and OUT! 7-6-2
Bottom of the 2nd over - 1 run, 2 hits, 0 errors, 1 left on base; Los Angeles (NYP) 0 - Vermont 4
TOP OF THE 3RD
Los Angeles (NYP) Angels batting - Pitching for Vermont Lake Monsters : RHP John Harrell
Batting: RHB Edward Hillock 0-0: Called Strike
0-1: Foul Ball, location: 2F
0-2: Ball
1-2: Ball
2-2: Foul Ball, location: 2F
2-2: Strikes out swinging
Batting: RHB David Rhodes 0-0: Called Strike
0-1: Ground out 6-3 (Groundball, 6, EV 86.2 MPH)
Batting: RHB T.J. Gray 0-0: Foul Ball, location: 2F
0-1: Ground out 5-3 (Groundball, 56, EV 90.0 MPH)
Top of the 3rd over - 0 runs, 0 hits, 0 errors, 0 left on base; Los Angeles (NYP) 0 - Vermont 4
BOTTOM OF THE 3RD
Vermont Lake Monsters batting - Pitching for Los Angeles (NYP) Angels : RHP Tim Mumpower
Batting: RHB David Herrera 0-0: Called Strike
0-1: Ground out 4-3 (Groundball, 4, EV 93.1 MPH)
Batting: LHB Ed Talamantes 0-0: Called Strike
0-1: Ball
1-1: Called Strike
1-2: Ball
2-2: Strikes out swinging
Batting: RHB Walt Alaniz 0-0: Ball
1-0: Ball
2-0: Ground out 4-3 (Groundball, 4, EV 83.1 MPH)
Bottom of the 3rd over - 0 runs, 0 hits, 0 errors, 0 left on base; Los Angeles (NYP) 0 - Vermont 4
TOP OF THE 4TH
Los Angeles (NYP) Angels batting - Pitching for Vermont Lake Monsters : RHP John Harrell
Batting: RHB Juan Montez 0-0: Ball
1-0: Ground out 4-3 (Groundball, 34, EV 77.5 MPH)
Batting: LHB Matthew Bale 0-0: Called Strike
0-1: Called Strike
0-2: Ball
1-2: Foul Ball, location: 2F
1-2: Foul Ball, location: 2F
1-2: Fly out, F9 (Flyball, 89S, EV 96.2 MPH)
Batting: LHB Mario Anguiano 0-0: Called Strike
0-1: Ball
1-1: Called Strike
1-2: Fly out, F8 (Flyball, 8RD, EV 96.2 MPH)
Top of the 4th over - 0 runs, 0 hits, 0 errors, 0 left on base; Los Angeles (NYP) 0 - Vermont 4
BOTTOM OF THE 4TH
Vermont Lake Monsters batting - Pitching for Los Angeles (NYP) Angels : RHP Tim Mumpower
Batting: RHB Min-chin Yi 0-0: Ball
1-0: Ball
2-0: Ball
3-0: Called Strike
3-1: Called Strike
3-2: Strikes out swinging
Batting: RHB Tim Anderson 0-0: Ball
1-0: Foul Ball, location: 2F
1-1: Foul Ball, location: 2F
1-2: Ball
2-2: Foul Ball, location: 2F
2-2: Ball
3-2: Foul Ball, location: 2F
3-2: SINGLE (Groundball, 5S, EV 65.0 MPH) (infield hit)
Batting: RHB Ricky Trejo 0-0: Ball
1-0: Grounds into double play, 6-4-3 (Groundball, 6, EV 88.8 MPH)
Bottom of the 4th over - 0 runs, 1 hit, 0 errors, 0 left on base; Los Angeles (NYP) 0 - Vermont 4
TOP OF THE 5TH
Los Angeles (NYP) Angels batting - Pitching for Vermont Lake Monsters : RHP John Harrell
Batting: LHB Spencer Palmer 0-0: Foul Ball, location: 2F
0-1: Ball
1-1: Foul Ball, location: 2F
1-2: Strikes out looking
Batting: LHB Mutsuo IIda 0-0: Foul Ball, location: 2F
0-1: Ball
1-1: Called Strike
1-2: Strikes out swinging
Batting: RHB Phil Knox 0-0: Ball
1-0: Ball
2-0: Ground out U3 (Groundball, 13, EV 86.2 MPH)
Top of the 5th over - 0 runs, 0 hits, 0 errors, 0 left on base; Los Angeles (NYP) 0 - Vermont 4
BOTTOM OF THE 5TH
Vermont Lake Monsters batting - Pitching for Los Angeles (NYP) Angels : RHP Tim Mumpower
Batting: RHB Franklin Salazar 0-0: Ball
1-0: Foul Ball, location: 2F
1-1: Ball
2-1: Ball
3-1: Called Strike
3-2: Base on Balls
Batting: RHB Larry Clark 0-0: Swinging Strike
0-1: Ball
1-1: Called Strike
1-2: Foul Ball, location: 2F
1-2: Strikes out swinging
Batting: LHB Alejandro Muniz 0-0: Ball
Franklin Salazar steals 2nd base
1-0: Ground out 4-3 (Groundball, 4, EV 87.5 MPH)
Franklin Salazar to third
Pitching: RHP Adam Hefner
Batting: RHB David Herrera 0-0: Ball
1-0: Ball
2-0: Ball
3-0: Called Strike
3-1: Base on Balls
Batting: LHB Ed Talamantes 0-0: Called Strike
0-1: Swinging Strike
0-2: Ball
1-2: Ball
2-2: 3-RUN HOME RUN (Flyball, 9LD, EV 93.8 MPH), Distance : 334 ft
Batting: RHB Walt Alaniz 0-0: Ball
1-0: Foul Ball, location: 2F
1-1: Called Strike
1-2: Foul Ball, location: 2F
1-2: SINGLE (Groundball, 4D, EV 96.2 MPH)
Batting: RHB Min-chin Yi 0-0: Ground out 1-3 (Groundball, 13, EV 61.9 MPH)
Bottom of the 5th over - 3 runs, 2 hits, 0 errors, 1 left on base; Los Angeles (NYP) 0 - Vermont 7
TOP OF THE 6TH
Los Angeles (NYP) Angels batting - Pitching for Vermont Lake Monsters : RHP John Harrell
Batting: RHB Edward Hillock 0-0: Ball
1-0: SINGLE (Groundball, 6MD, EV 98.8 MPH)
Batting: RHB David Rhodes 0-0: Ball
1-0: Grounds into double play, 5-4-3 (Groundball, 56S, EV 88.1 MPH)
Batting: RHB T.J. Gray 0-0: Called Strike
0-1: Ball
1-1: Ball
2-1: Ball
3-1: Swinging Strike
3-2: Strikes out swinging
Top of the 6th over - 0 runs, 1 hit, 0 errors, 0 left on base; Los Angeles (NYP) 0 - Vermont 7
BOTTOM OF THE 6TH
Vermont Lake Monsters batting - Pitching for Los Angeles (NYP) Angels : RHP Adam Hefner
Batting: RHB Tim Anderson 0-0: Ball
1-0: Ground out 4-3 (Groundball, 34, EV 83.8 MPH)
Batting: RHB Ricky Trejo 0-0: Ball
1-0: Called Strike
1-1: SINGLE (Groundball, 6D, EV 104.4 MPH)
Batting: RHB Franklin Salazar 0-0: Called Strike
0-1: Foul Ball, location: 2F
0-2: Foul Ball, location: 2F
0-2: SINGLE (Groundball, 25, EV 60.6 MPH) (infield hit)
Ricky Trejo to second
Batting: RHB Larry Clark 0-0: Swinging Strike
0-1: Ball
1-1: Called Strike
1-2: Ball
2-2: Grounds into double play, 5-4-3 (Groundball, 56S, EV 80.6 MPH)
Bottom of the 6th over - 0 runs, 2 hits, 0 errors, 1 left on base; Los Angeles (NYP) 0 - Vermont 7
TOP OF THE 7TH
Los Angeles (NYP) Angels batting - Pitching for Vermont Lake Monsters : RHP John Harrell
Pinch Hitting: RHB Ron Major 0-0: Called Strike
0-1: Swinging Strike
0-2: Foul Ball, location: 2F
0-2: Ball
1-2: Foul Ball, location: 2F
1-2: Ball
2-2: Foul Ball, location: 2F
2-2: Ground out 6-3 (Groundball, 6S, EV 86.9 MPH)
Batting: LHB Matthew Bale 0-0: Ball
1-0: Called Strike
1-1: Swinging Strike
1-2: Foul Ball, location: 2F
1-2: Ball
2-2: Strikes out looking
Pinch Hitting: LHB Jamie Diebel 0-0: Ball
1-0: Ball
2-0: Ball
3-0: Called Strike
3-1: Base on Balls
Batting: LHB Spencer Palmer 0-0: SINGLE (Line Drive, 34D, EV 105.6 MPH)
Jamie Diebel to second
Batting: LHB Mutsuo IIda 0-0: Called Strike
0-1: Ball
1-1: Ball
2-1: Ball
3-1: Base on Balls
Jamie Diebel to third
Spencer Palmer to second
Batting: RHB Phil Knox 0-0: Swinging Strike
0-1: Swinging Strike
0-2: Fielders Choice at 2nd, 5-4 (Groundball, 56, EV 105.0 MPH)
Top of the 7th over - 0 runs, 1 hit, 0 errors, 3 left on base; Los Angeles (NYP) 0 - Vermont 7
BOTTOM OF THE 7TH
Vermont Lake Monsters batting - Pitching for Los Angeles (NYP) Angels : RHP Adam Hefner
Pitching: RHP Cal Abbott
Now at 3B: Ron Major
Now in LF: T.J. Gray
Now in RF: Jamie Diebel
Batting: LHB Alejandro Muniz 0-0: Called Strike
0-1: Ball
1-1: SINGLE (Groundball, 34D, EV 98.8 MPH)
Pinch Hitting: LHB Miguel Maymi 0-0: Ball
1-0: Ball
2-0: Foul Ball, location: 2F
2-1: Called Strike
2-2: Ball
3-2: Foul Ball, location: 2F
3-2: Strikes out looking
Batting: LHB Ed Talamantes 0-0: Ball
Wild Pitch!
Alejandro Muniz to second
1-0: Ball
2-0: Ball
3-0: Called Strike
3-1: Base on Balls
Batting: RHB Walt Alaniz 0-0: Ball
1-0: Ball
2-0: Swinging Strike
2-1: Called Strike
2-2: Foul Ball, location: 2F
2-2: Strikes out swinging
Batting: RHB Min-chin Yi 0-0: Ball
1-0: Called Strike
1-1: Foul Ball, location: 2F
1-2: Ball
2-2: Foul Ball, location: 2F
2-2: Fielders Choice at 2nd, 6-4 (Groundball, 56, EV 83.1 MPH)
Bottom of the 7th over - 0 runs, 1 hit, 0 errors, 2 left on base; Los Angeles (NYP) 0 - Vermont 7
TOP OF THE 8TH
Los Angeles (NYP) Angels batting - Pitching for Vermont Lake Monsters : RHP John Harrell
Now at 1B: Miguel Maymi
Batting: RHB Edward Hillock 0-0: Ball
1-0: Called Strike
1-1: Ball
2-1: DOUBLE (Line Drive, 89M, EV 100.0 MPH)
Batting: RHB David Rhodes 0-0: Ball
1-0: Ball
2-0: Ball
3-0: Called Strike
3-1: Ground out 6-3 (Groundball, 6, EV 79.4 MPH)
Edward Hillock to third
Pinch Hitting: RHB Ricky Mejicanos 0-0: Called Strike
0-1: Ball
1-1: SINGLE (Groundball, 6S, EV 68.1 MPH) (infield hit)
Edward Hillock scores
Pitching: RHP Ray Leuthauser
Batting: RHB Ron Major 0-0: Ball
1-0: Ball
2-0: Called Strike
2-1: Ball
3-1: Foul Ball, location: 2F
3-2: Foul Ball, location: 2F
3-2: Base on Balls
Ricky Mejicanos to second
Batting: LHB Matthew Bale 0-0: Called Strike
0-1: SINGLE (Groundball, 4D, EV 99.4 MPH)
Ricky Mejicanos to third
Ron Major to second
Runner from 3rd tries for Home, SAFE, throw by CF to home
Batting: LHB Jamie Diebel 0-0: Ball
1-0: Foul Ball, location: 2F
1-1: Foul Ball, location: 2F
1-2: DOUBLE (Line Drive, 89XD, EV 106.9 MPH)
Ron Major scores
Matthew Bale to third
Pitching: RHP Bryan Vandenburgh
Batting: LHB Spencer Palmer 0-0: Called Strike
0-1: Foul Ball, location: 2F
0-2: Strikes out swinging, 2-3 out at first.
Batting: LHB Mutsuo IIda 0-0: Called Strike
0-1: Foul Ball, location: 2F
0-2: Ball
1-2: Foul Ball, location: 2F
1-2: Ground out 6-3 (Groundball, 6, EV 95.6 MPH)
Top of the 8th over - 3 runs, 4 hits, 0 errors, 2 left on base; Los Angeles (NYP) 3 - Vermont 7
BOTTOM OF THE 8TH
Vermont Lake Monsters batting - Pitching for Los Angeles (NYP) Angels : RHP Cal Abbott
Now in LF: Ricky Mejicanos
Batting: RHB Tim Anderson 0-0: Ball
1-0: Ball
2-0: Called Strike
2-1: Ball
3-1: Called Strike
3-2: TRIPLE (Line Drive, 89XD, EV 96.9 MPH)
Batting: RHB Ricky Trejo 0-0: Called Strike
0-1: Ball
1-1: Foul Ball, location: 2F
1-2: Ball
2-2: SINGLE (Groundball, 4D, EV 102.5 MPH)
Tim Anderson scores
Pitching: RHP Cody Colburn
Batting: RHB Franklin Salazar 0-0: Ball
1-0: Called Strike
1-1: Called Strike
1-2: Foul Ball, location: 2F
1-2: Ball
2-2: Foul Ball, location: 2F
2-2: Foul Ball, location: 2F
2-2: Foul Ball, location: 2F
2-2: Ball
3-2: Foul Ball, location: 2F
3-2: Fly out, F7 (Line Drive, 7LS, EV 105.0 MPH)
Batting: RHB Larry Clark 0-0: Called Strike
Ricky Trejo steals 2nd base
0-1: SINGLE (Groundball, 4MD, EV 98.8 MPH)
Ricky Trejo to third
Batting: LHB Alejandro Muniz 0-0: Ball
1-0: Ball
Larry Clark steals 2nd base (no throw)
2-0: 3-RUN HOME RUN (Flyball, 9D, EV 98.8 MPH), Distance : 367 ft
Batting: LHB Miguel Maymi 0-0: Ball
1-0: Ball
2-0: Ball
3-0: Base on Balls
Batting: LHB Ed Talamantes 0-0: Ball
1-0: Called Strike
1-1: Foul Ball, location: 2F
1-2: Strikes out swinging
Batting: RHB Walt Alaniz 0-0: Ball
1-0: Swinging Strike
1-1: Ball
2-1: Called Strike
2-2: Ball
3-2: Strikes out swinging
Bottom of the 8th over - 4 runs, 4 hits, 0 errors, 1 left on base; Los Angeles (NYP) 3 - Vermont 11
TOP OF THE 9TH
Los Angeles (NYP) Angels batting - Pitching for Vermont Lake Monsters : RHP Bryan Vandenburgh
Batting: RHB Phil Knox 0-0: Ball
1-0: Ball
2-0: Ball
3-0: Called Strike
3-1: Base on Balls
Batting: RHB Edward Hillock 0-0: Called Strike
0-1: Ball
1-1: Called Strike
1-2: Strikes out swinging
Batting: RHB David Rhodes 0-0: Swinging Strike
0-1: Foul Ball, location: 2F
0-2: Ball
1-2: Strikes out swinging
Batting: RHB Ricky Mejicanos 0-0: Ball
1-0: Ball
2-0: Called Strike
2-1: Ball
3-1: Base on Balls
Phil Knox to second
Batting: RHB Ron Major 0-0: Foul Ball, location: 2F
0-1: Ball
1-1: Ball
2-1: Ball
3-1: Ground out 3-1 (Groundball, 34S, EV 61.9 MPH)
Top of the 9th over - 0 runs, 0 hits, 0 errors, 2 left on base; Los Angeles (NYP) 3 - Vermont 11
Thursday, December 15th , 2022 - OOTP Baseball 23.9 Build 102